 Dungeon Crawl Stone Soup version 0.31-a0-1101-g9ad1905e61 (webtiles) character file.

Game seed: 12630508598646267197

56 Dirtsage the Digger (level 3, -12/20 HPs)
             Began as a Gargoyle Earth Elementalist on Dec 1, 2023.
             Killed by divine providence
             ... invoked by an orc priest
              (15 damage)
             ... on level 3 of the Dungeon.
             The game lasted 00:03:33 (1533 turns).

Dirtsage the Digger (Gargoyle Earth Elementalist)   Turns: 1533, Time: 00:03:34

Health: -12/20     AC: 10    Str: 11    XL:     3   Next: 97%
Magic:  4/6        EV: 11    Int: 17    God:
Gold:   120        SH:  0    Dex: 10    Spells: 3/7 levels left

rFire   . . .        e - +4 whip (pain)
rCold   . . .        (no shield)
rNeg    + . .        a - +0 robe
rPois   ∞            i - +2 hat
rElec   +            (no cloak)
rCorr   .            (no gloves)
SInv    .            g - +2 pair of boots
Will    .....        (no amulet)
Stlth   ++           (no ring)
HPRegen 0.23/turn    (no ring)
MPRegen 0.10/turn

%: no passive effects
@: no status effects
A: sickness immunity, AC +3, negative energy resistance 1, electricity
resistance, torment resistance 1, petrification resistance
a: no special abilities


You were on level 3 of the Dungeon.
You visited 1 branch of the dungeon, and saw 3 of its levels.

You collected 120 gold pieces.

Inventory:

Hand Weapons
 e - a +4 whip of pain (weapon)
Armour
 a - a +0 robe (worn)
 g - a +2 pair of boots (worn)
 i - a +2 hat (worn)
Scrolls
 d - 2 scrolls of identify {unknown}
Potions
 b - a potion of magic
 c - a potion of heal wounds {unknown}
 f - a potion of ambrosia {unknown}
 h - a potion of brilliance {unknown}
 j - 2 potions of lignification {unknown}


   Skills:
 + Level 1.5 Fighting
 - Level 1.5 Dodging
 - Level 2.1 Stealth
 + Level 2.5 Spellcasting
 + Level 0.0 Conjurations
 - Level 0.7 Transmutations
 * Level 4.8 Earth Magic


You had 3 spell levels left.
You knew the following spells:

 Your Spells              Type           Power      Damage    Failure   Level
a - Sandblast             Erth           36%        2d10      2%          1
x - Stone Arrow           Conj/Erth      20%        3d8       21%         3

Your spell library contained the following spells:

 Spells                   Type           Power      Damage    Failure   Level
 Passwall                 Tmut/Erth      9%         N/A       9%          2
 Petrify                  Tmut/Erth      11%        N/A       50%         4
 Brom's Barrelling Bould  Conj/Erth      10%        2d3       54%         4


Dungeon Overview and Level Annotations

Branches:
Dungeon (3/15)

Altars:


Innate Abilities, Weirdness & Mutations

You are immune to sickness and miasma.
Your stone body is resilient. (AC +3)
You are immune to poison.
You resist negative energy. (rN+)
You are resistant to electric shocks. (rElec)
You are resistant to unholy torment.
You are immune to petrification.


Message History

You can't see any susceptible monsters within range! (Use Z to cast anyway.)
Casting: Sandblast (safe; 2% risk of failure)
Confirm with . or Enter, or press ? or * to list all spells.
You can't see any susceptible monsters within range! (Use Z to cast anyway.)
The orc throws a boomerang.
The boomerang hits you but does no damage.
Casting: Sandblast (safe; 2% risk of failure)
Confirm with . or Enter, or press ? or * to list all spells.
Okay, then.
Unknown command.
Casting: Stone Arrow (extremely dangerous; 21% risk of failure)
Confirm with . or Enter, or press ? or * to list all spells.
Aiming: Sandblast (safe; 2% risk of failure)
Press: ? - help, Shift-Dir - straight line, f - orc priest
Aim: an orc priest, wielding a +0 mace (82% to hit)
The blast of sand hits the orc priest.
The orc priest is moderately wounded.
A ball python comes into view.
An orc comes into view. It is wielding a +0 short sword.
You now have 5/6 mp.
Casting: Sandblast (safe; 2% risk of failure)
Confirm with . or Enter, or press ? or * to list all spells.
Aiming: Sandblast (safe; 2% risk of failure)
Press: ? - help, Shift-Dir - straight line, f/p - orc priest
Aim: an orc priest, wielding a +0 mace (moderately wounded, 82% to hit)
The blast of sand misses the orc.
The blast of sand misses the orc priest.
The blast of sand hits the orc!
You kill the orc!
The ball python hisses angrily.
The orc shouts!
You hear a shout!
The orc priest invokes the aid of Beogh against you.
Beogh smites you!
Ouch! That really hurt!
You take 13 damage, and have 7/20 hp.
MASSIVE DAMAGE!!
You now have 4/6 mp.
The orc hits you with a +0 dagger.
* * * LOW HITPOINT WARNING * * *
The orc priest invokes the aid of Beogh against you.
Beogh smites you!
Ouch! That really hurt!
You die...

####### ?..
#.....# ...[
#.....##....
#..........g
#.........$.
#......<....
#...........
#.@oo.)o....
#..†.>.†....
#....S......
#####.......
##.....
###.. .


You could see an orc priest, 2 orcs and a ball python.

Vanquished Creatures
  2 worms (D:2)
  2 dart slugs (D:2)
  An orc (D:3)
  2 ball pythons (D:1)
  5 endoplasms
  2 giant cockroaches
  4 hobgoblins
  13 jackals
  2 kobolds (D:1)
  A goblin (D:1)
  4 rats
38 creatures vanquished.

Notes
Turn   | Place    | Note
-------+----------+-------------------------------------------
     0 | D:1      | Dirtsage the Gargoyle Earth Elementalist began the quest
                  | for the Orb.
     0 | D:1      | Reached XP level 1. HP: 10/10 MP: 3/3
   169 | D:1      | Reached skill level 4 in Earth Magic
   169 | D:1      | Reached XP level 2. HP: 6/16 MP: 1/5
   331 | D:1      | Reached skill level 1 in Fighting
   563 | D:1      | Reached XP level 3. HP: 20/20 MP: 4/6
  1483 | D:2      | Learned a level 3 spell: Stone Arrow
  1533 | D:3      | Killed from afar by an orc priest

Illustrated notes

Levels and vault maps discovered:
D:1:      spicycebolla_arrival_xxxplode, layout_rooms, amethyst_killhole,
          hangedman_decor_push
D:2:      layout_basic, nicolae_elevator_lobby_plus
D:3:      layout_rooms, nicolae_gozag_cash_rules_everything_around_me,
          gammafunk_ghost_smash

Skill      XL: |  1  2 |
---------------+-------+-----
Earth Magic    | 4 |  4.8
Fighting       | 1 |  1.5
Dodging        | |  1.5
Stealth        | |  2.1
Spellcasting   | |  2.5
Transmutations | |  0.7

Action                     || total
---------------------------++-------
  Melee: Unarmed           ||    19
         Whip              ||    93
   Cast: Sandblast         ||    24
 Armour: Robe              ||    83
  Dodge: Dodged            ||    80

Table legend: (Time is in decaauts)
 A = Elapsed time spent in this place.
 B = Non-inter-level travel time spent in this place.
 C = Inter-level travel time spent in this place.
 D = Time resting spent in this place.
 E = Time spent auto-exploring this place.
 F = Levels seen in this place.
 G = Mean time per level.
                   A        B        C        D        E       F      G
               +--------+--------+--------+--------+--------+-----+--------+
         Total |   1553 |   1523 |     30 |      0 |   1170 |   3 |  517.7 |
       Dungeon |   1553 |   1523 |     30 |      0 |   1170 |   3 |  517.7 |
               +--------+--------+--------+--------+--------+-----+--------+

Top non-repeatable levels by time:
     D:1: 819 daAuts
     D:2: 704 daAuts
     D:3: 30 daAuts
